AoeStats
← The Horse

Arabia

506723611Analyzed
1v1 RM · 16d ago on Sep 14, 2026· 47m 27s· 2 players
Game mode
Random Map
Map size
Tiny (2 player)
Population
200
Speed
Normal
Resources
Standard
Victory
Conquest
Starting age
Dark Age
Ending age
Imperial Age
RankedLock teamsTeams togetherTeam positionsShared explorationLock speedFull tech treeHidden civsTurbo modeCheats
Victory
Defeat
🇺🇸 Franks · United States
1035
+15
🇹🇷 Huns · Türkiye
1009
-15
The Horse
8:40 Feudal Age
7:36 Loom
18:38 Scale Barding Armor
20:06 Bloodlines
20:49 Double-Bit Axe
23:57 Castle Age
22:44 Forging
22:22 Horse Collar
23:31 Scale Mail Armor
25:29 Chain Barding Armor
25:28 Pikeman
28:35 Iron Casting
30:26 Chain Mail Armor
30:40 Husbandry
46:03 Imperial Age
44:23 Squires
44:53 Arson
45:34 Bow Saw
Maerlin_the_Mighty325
5:07 Loom
6:09 Loom
9:10 Feudal Age
14:05 Town Watch
16:54 Wheelbarrow
18:25 Double-Bit Axe
22:11 Castle Age
22:42 Scale Barding Armor
22:48 Forging
23:49 Gold Mining
24:24 Chain Barding Armor
25:51 Husbandry
26:45 Iron Casting
27:59 Light Cavalry
29:22 Sanctity
29:31 Fletching
33:29 Hand Cart
33:24 Bodkin Arrow
41:16 Imperial Age
40:33 Ballistics
40:24 Masonry
42:05 Gold Shaft Mining
41:30 Cavalier
42:55 Plate Barding Armor
47:19 Paladin
Connection lost

Rejoining the realm…

Still unreachable

The connection could not be restored.

Session expired

The server has moved on; the page needs a fresh start.